AoeStats
← 凉拌皮蛋

Arena

510522640Analyzed
4v4 RM · 11h ago on Oct 1, 2026· 49m 53s· 8 players
Game mode
Random Map
Map size
Large (8 player)
Population
200
Speed
Normal
Resources
Standard
Victory
Conquest
Starting age
Dark Age
Ending age
Imperial Age
RankedLock teamsTeams togetherTeam positionsShared explorationLock speedFull tech treeHidden civsTurbo modeCheats
Victory
Defeat
🇩🇪 Jurchens · Germany
1646
+10
🇩🇪 Malay · Germany
1618
+11
🇩🇪 Franks · Germany
1564
+14
🇩🇪 Burmese · Germany
1460
+18
🇨🇳 Khmer · China
1544
-15
🇨🇳 Chinese · China
1535
-14
🇻🇳 Gurjaras · Vietnam
1512
-13
🇦🇷 Varangians · Argentina
1453
-11
timembh
2:41 Loom
12:56 Feudal Age
14:08 Double-Bit Axe
16:52 Castle Age
14:46 Horse Collar
18:47 Bow Saw
18:49 Heavy Plow
19:26 Wheelbarrow
26:01 Town Watch
32:30 Imperial Age
30:10 Fletching
31:59 Bodkin Arrow
32:32 Padded Archer Armor
34:05 Sanctity
34:42 Gold Mining
35:16 Bracer
35:30 Husbandry
38:17 Leather Archer Armor
39:05 Ballistics
39:45 Chemistry
40:53 Masonry
40:58 Thumb Ring
41:35 Elite Elephant Archer
凉拌皮蛋
10:00 Feudal Age
13:38 Castle Age
11:59 Double-Bit Axe
16:42 Bow Saw
16:33 Horse Collar
23:38 Wheelbarrow
22:55 Gold Mining
22:55 Stone Mining
24:39 Gold Shaft Mining
28:17 Imperial Age
26:20 Scale Mail Armor
26:30 Forging
26:51 Town Watch
27:21 Hand Cart
28:23 Chain Mail Armor
28:43 Iron Casting
27:55 Arson
27:31 Pikeman
28:37 Heavy Plow
28:23 Loom
28:39 Town Patrol
29:19 Double Crossbow
29:40 Conscription
29:45 Ballistics
29:36 Heavy Scorpion
29:52 Halberdier
30:29 Capped Ram
32:27 Blast Furnace
32:20 Stone Shaft Mining
33:45 Redemption
34:39 Chemistry
36:40 Siege Ram
41:03 Masonry
41:34 Hoardings
Allen
11:28 Feudal Age
15:21 Castle Age
13:15 Double-Bit Axe
13:24 Horse Collar
16:17 Bow Saw
17:43 Wheelbarrow
23:19 Gold Mining
28:13 Imperial Age
26:29 Gold Shaft Mining
25:45 Stone Mining
26:01 Fletching
26:45 Bodkin Arrow
27:49 Ballistics
27:48 Padded Archer Armor
28:45 Leather Archer Armor
29:28 Stone Shaft Mining
29:08 Bracer
30:10 Chemistry
28:48 Elite Chu Ko Nu
30:05 Conscription
30:16 Ring Archer Armor
30:51 Great Wall
31:56 Scale Mail Armor
32:19 Masonry
32:24 Heavy Plow
33:07 Chain Mail Armor
33:04 Forging
32:42 Pikeman
33:39 Forging
35:00 Plate Mail Armor
35:06 Iron Casting
33:53 Halberdier
36:48 Blast Furnace
35:20 Halberdier
35:23 Halberdier
40:26 Two-Man Saw
39:17 Guard Tower
40:50 Squires
42:25 Hand Cart
41:55 Loom
43:04 Light Cavalry
43:55 Bloodlines
43:51 Husbandry
44:23 Heavy Rocket Cart
ivcrk826
10:10 Feudal Age
13:50 Castle Age
12:34 Double-Bit Axe
12:31 Horse Collar
14:50 Bow Saw
17:53 Loom
20:38 Wheelbarrow
24:19 Gold Mining
27:31 Imperial Age
25:17 Stone Mining
26:27 Fletching
27:29 Ballistics
27:29 Bodkin Arrow
28:34 Conscription
29:18 Chemistry
28:20 Bracer
28:22 Padded Archer Armor
29:30 Two-Man Saw
28:15 Cranequins
28:42 Heavy Mounted Crossbowman
30:46 Hand Cart
30:42 Squires
30:43 Scale Mail Armor
31:53 Chain Mail Armor
31:44 Elite Varangian Guard
32:37 Forging
33:08 Pikeman
34:50 Plate Mail Armor
34:56 Iron Casting
36:04 Husbandry
36:14 Bloodlines
36:07 Husbandry
38:06 Blast Furnace
37:06 Arson
36:42 Halberdier
39:29 Gambesons
44:55 Scale Barding Armor
44:32 Cavalier
Öl1ng
10:32 Feudal Age
11:52 Double-Bit Axe
14:52 Castle Age
16:12 Bow Saw
20:56 Wheelbarrow
20:06 Town Watch
21:04 Gold Mining
21:14 Stone Mining
24:01 Gold Shaft Mining
28:01 Imperial Age
25:17 Loom
26:12 Scale Barding Armor
26:18 Forging
26:34 Husbandry
27:10 Hand Cart
28:58 Chain Barding Armor
28:48 Forging
28:03 Cavalier
30:00 Chemistry
29:57 Paladin
31:21 Plate Barding Armor
30:35 Treadmill Crane
31:07 Masonry
31:40 Conscription
32:59 Fletching
34:03 Iron Casting
34:09 Ballistics
34:20 Architecture
35:13 Bodkin Arrow
36:20 Blast Furnace
36:10 Bodkin Arrow
36:22 Siege Engineers
36:38 Caravan
42:12 Murder Holes
44:16 Scale Mail Armor
44:18 Squires
44:10 Arson
45:54 Elite Throwing Axeman
49:15 Chain Mail Armor
105er.G0ldenFir3
10:24 Feudal Age
11:20 Double-Bit Axe
11:54 Loom
14:10 Castle Age
12:32 Horse Collar
15:39 Bow Saw
20:30 Heavy Plow
24:09 Wheelbarrow
23:29 Gold Mining
23:29 Stone Mining
26:29 Hand Cart
31:23 Imperial Age
28:41 Town Watch
29:28 Husbandry
29:38 Bloodlines
30:09 Fortified Bastions
30:20 Masonry
30:21 Fortified Wall
30:32 Masonry
31:19 Scale Barding Armor
31:59 Gold Shaft Mining
33:15 Two-Man Saw
32:54 Chain Barding Armor
33:13 Architecture
33:28 Hoardings
34:31 Plate Barding Armor
33:53 Elite Steppe Lancer
34:45 Forging
35:51 Gold Shaft Mining
35:31 Fletching
35:24 Heavy Rocket Cart
37:12 Iron Casting
36:54 Herbal Medicine
37:46 Crop Rotation
36:48 Light Cavalry
38:04 Conscription
38:07 Siege Engineers
39:02 Chemistry
37:45 Treadmill Crane
39:13 Ballistics
39:57 Blast Furnace
38:53 Bodkin Arrow
41:26 Guilds
41:53 Bodkin Arrow
41:36 Hussar
44:42 Bracer
44:42 Padded Archer Armor
Scol1ng
10:31 Feudal Age
10:49 Horse Collar
10:54 Double-Bit Axe
12:18 Wheelbarrow
16:27 Castle Age
16:22 Bow Saw
16:31 Heavy Plow
19:59 Loom
22:23 Gold Mining
22:32 Stone Mining
22:50 Stone Mining
28:59 Imperial Age
26:44 Scale Barding Armor
27:10 Forging
28:10 Husbandry
29:10 Conscription
30:00 Chemistry
30:01 Hand Cart
30:51 Gold Shaft Mining
29:55 Elite Battle Elephant
32:29 Caravan
34:35 Iron Casting
36:12 Siege Engineers
40:14 Light Cavalry
42:34 Town Watch
44:11 Blast Furnace
105er.ahnungslos90
10:23 Feudal Age
14:17 Castle Age
12:54 Horse Collar
16:11 Fervor
22:30 Loom
27:00 Wheelbarrow
26:27 Heavy Plow
26:37 Town Watch
26:56 Stone Mining
27:51 Padded Archer Armor
28:48 Scale Barding Armor
31:24 Imperial Age
29:25 Husbandry
29:35 Bloodlines
33:37 Conscription
32:47 Onager
33:46 Hand Cart
33:11 Light Cavalry
37:47 Chemistry
37:08 Ballistics
36:54 Elite Arambai
40:00 Manipur Cavalry
43:46 Hussar
45:06 Scale Barding Armor
45:11 Forging
46:37 Siege Engineers
47:13 Chain Barding Armor
47:29 Iron Casting
47:25 Masonry
Connection lost

Rejoining the realm…

Still unreachable

The connection could not be restored.

Session expired

The server has moved on; the page needs a fresh start.